 Dungeon Crawl Stone Soup version 0.22.1-2-g9c5b331 (webtiles) character file.

147 Lilu the Conjurer (level 5, -2/28 HPs)
             Began as a Deep Elf Conjurer on Nov 17, 2018.
             Slain by Sigmund
             ... wielding a +0 scythe
              (13 damage)
             ... on level 3 of the Dungeon.
             The game lasted 00:11:18 (2489 turns).

Lilu the Conjurer (Deep Elf Conjurer)               Turns: 2489, Time: 00:11:19

Health: -2/28      AC:  2    Str:  5    XL:     5   Next: 8%
Magic:  7/14       EV: 28    Int: 21    God:
Gold:   97         SH:  0    Dex: 15    Spells: 11/14 levels left

rFire    . . .     SeeInvis .   b - +2 quarterstaff (holy)
rCold    . . .     Gourm    .   (shield currently unavailable)
rNeg     . . .     Faith    .   a - +0 robe
rPois    .         Spirit   .   (no helmet)
rElec    .         Reflect  .   (no cloak)
rCorr    .         Harm     .   (no gloves)
MR       .....                  (no boots)
Stlth    ++........             m - amulet of the acrobat
HPRegen  0.09/turn              (no ring)
MPRegen  0.14/turn              (no ring)

@: no status effects
A: no striking features
a: no special abilities


You were on level 3 of the Dungeon.
You were not hungry.

You visited 1 branch of the dungeon, and saw 3 of its levels.

You collected 97 gold pieces.

Inventory:

Hand Weapons
 b - a +2 quarterstaff of holy wrath (weapon)
 n - a +2 dagger of speed
Armour
 a - a +0 robe (worn)
Jewellery
 j - an uncursed amulet of guardian spirit
 m - an amulet of the acrobat (around neck)
Scrolls
 e - 4 scrolls of identify
 g - a scroll of remove curse
 h - 2 scrolls of noise {unknown}
Potions
 d - a potion of lignification {unknown}
 f - 2 potions of flight {unknown}
 i - a potion of degeneration {unknown}
 k - a potion of brilliance {unknown}
 o - a potion of berserk rage {unknown}
Comestibles
 c - 7 rations


   Skills:
 - Level 2.4 Dodging
 - Level 2.4 Stealth
 + Level 5.4 Spellcasting
 + Level 5.8 Conjurations


You had 11 spell levels left.
You knew the following spells:

 Your Spells              Type           Power        Failure   Level  Hunger
a - Magic Dart            Conj           ####         1%          1    None
b - Searing Ray           Conj           ####..       1%          2    None

Your spell library contained the following spells:

 Spells                   Type           Power        Failure   Level  Hunger
 Iskenderun's Mystic Bla  Conj           ####....     9%          4    ####...
 Dazzling Spray           Conj/Hex       ###...       10%         3    ##.....
 Force Lance              Conj/Tloc      ###.....     30%         4    ####...
 Fulminant Prism          Conj/Hex       ###.......   30%         4    ####...


Dungeon Overview and Level Annotations

Branches:
Dungeon (3/15)

Altars:
Dithmenos
Nemelex Xobeh

Annotations:
D:3 Sigmund


Message History

Sigmund closely misses you. The bat misses you.
You feel less confused. The bat closely misses you.
Sigmund completely misses you.
Casting: Searing Ray (safe; 1% risk of failure)
Confirm with . or Enter, or press ? or * to list all spells.
Aiming: Searing Ray (safe; 1% risk of failure)
Press: ? - help, Shift-Dir - straight line, f/p - Sigmund
Aim: Sigmund, wielding a scythe and wearing a runed robe (heavily wounded)
The searing ray hits Sigmund.
Sigmund is severely wounded. (Press . to maintain the ray.) Sigmund hits you with a scythe!
The bat closely misses you.
The searing ray hits Sigmund.
Sigmund is severely wounded.
The bat misses you. x2
The searing ray hits Sigmund.
Sigmund is almost dead.
The bat closely misses you. Sigmund hits you with a scythe!
You die...

## .. # .# #. .#
#.#.###.#
#!......# #@@#
#.###..#
#.....b#
#.####.# .##
####......#
...##
........###
....##.#######.#
....#.# #.#
#...#.# #.#


You could see Sigmund and a bat.

Vanquished Creatures
  3 adders (D:2)
  5 gnolls
  An ooze (D:1)
  3 worms (D:2)
  3 dart slugs
  2 leopard geckos
  7 bats
  3 giant cockroaches
  11 goblins
  5 hobgoblins
  2 frilled lizards
  3 kobolds
  5 rats
53 creatures vanquished.

Notes
Turn   | Place    | Note
-------+----------+-------------------------------------------
     0 | D:1      | Lilu the Deep Elf Conjurer began the quest for the Orb.
     0 | D:1      | Reached XP level 1. HP: 10/10 MP: 6/6
   114 | D:1      | Reached XP level 2. HP: 15/15 MP: 0/8
   186 | D:1      | Learned a level 2 spell: Searing Ray
   434 | D:1      | Reached skill level 5 in Conjurations
   434 | D:1      | Reached XP level 3. HP: 19/19 MP: 1/10
  1188 | D:1      | Reached XP level 4. HP: 11/24 MP: 1/12
  1413 | D:2      | Reached skill level 5 in Spellcasting
  1707 | D:2      | Found a sparkling altar of Nemelex Xobeh.
  1764 | D:2      | Found a shadowy altar of Dithmenos.
  1847 | D:2      | Reached XP level 5. HP: 28/28 MP: 10/14
  2469 | D:3      | Noticed Sigmund
  2489 | D:3      | Slain by Sigmund

Skill      XL: |  1  2  3  4 |
---------------+-------------+-----
Spellcasting   | 4 5 |  5.4
Conjurations   | 5 |  5.8
Dodging        | |  2.4
Stealth        | |  2.4

Action                   |  1- 3 |  4- 6 || total
-------------------------+-------+-------++-------
Melee: Quarterstaff      |       |     8 ||     8
 Cast: Magic Dart        |    46 |    19 ||    65
       Searing Ray       |     5 |    10 ||    15
  Use: Scroll            |       |     2 ||     2
 Stab: Sleeping          |       |     2 ||     2
  Eat: Chunk             |     1 |     2 ||     3
       Ration            |       |     1 ||     1
Armor: Robe              |     1 |     5 ||     6
Dodge: Dodged            |    15 |    29 ||    44
